Map: Thunderbird LE

Players

Mez

  • Race: Terran Terran
  • League: Master
  • Spawn Location: 11:00

Medivh - Winner!

  • Race: Terran Terran
  • League: Master
  • Spawn Location: 5:00

VOD

Have the link to the VOD?

Description

Time

  • Played on: Aug. 29, 2019, 11:04 p.m.
  • Length: 6:31
Show
View Real Time Build Order
Export as new Build Order

Mez Terran 

Build Orders: Gas First Reaper Expand, Hellion Opening 

Get SALT Encoding   

  12  0:00  SCV  
  13  0:12  SCV  
  14  0:17  Supply Depot  
  14  0:25  SCV  
  14  0:27  Refinery  
  15  0:39  SCV  
  16  0:45  Barracks  
  16  0:51  SCV  
  17  1:03  SCV  
  18  1:15  SCV  
  19  1:33  Orbital Command, Reaper  
  20  1:50  Command Center  
  20  1:58  Factory  
  20  2:02  SCV  
  21  2:09  Supply Depot  
  21  2:12  Barracks Reactor  
  21  2:16  SCV  
  21  2:21  Refinery  
  22  2:28  SCV  
  23  2:46  SCV  
  23  2:49  Starport  
  24  2:56  Barracks Tech Lab  
  24  2:58  SCV, Hellion x2  
  28  3:03  Orbital Command  
  29  3:12  SCV  
  30  3:15  Marauder  
  32  3:20  Hellion x2  
  37  3:28  Concussive Shells  
  37  3:30  Medivac  
  37  3:37  Marauder  
  37  3:39  Supply Depot  
  39  3:47  Hellion x2  
  43  3:50  SCV x2  
  45  3:59  Marine  
  46  4:06  SCV x2  
  46  4:09  Supply Depot  
  48  4:18  Factory Tech Lab  
  48  4:23  SCV x2  
  48  4:25  Viking  
  50  4:32  Command Center  
  50  4:40  SCV x2  
  52  4:45  Cyclone  
  52  4:46  Marine x2  
  52  4:52  SCV  
  46  5:12  SCV x2  
  46  5:14  Supply Depot  
  46  5:15  Barracks  
  46  5:16  Barracks  
  46  5:19  Raven  
  46  5:24  SCV x2  
  48  5:31  Factory Reactor  
  48  5:35  Barracks  
  48  5:36  SCV x2  
  48  5:39  Barracks  
  48  5:40  Supply Depot  
  50  5:43  Refinery  
  50  5:45  Refinery  
  50  5:46  Orbital Command  
  50  5:48  SCV x2  
  52  5:55  Marine  
  53  6:00  SCV x2  
  49  6:19  SCV  
Show
View Real Time Build Order
Export as new Build Order

Medivh Terran - Winner!

Build Orders: Cyclone Opening 

Get SALT Encoding   

  12  0:01  SCV  
  13  0:13  SCV  
  14  0:17  Supply Depot  
  14  0:25  SCV  
  14  0:28  Refinery  
  15  0:38  SCV  
  16  0:45  Barracks  
  16  0:50  SCV  
  17  1:02  SCV  
  18  1:15  SCV  
  19  1:27  SCV  
  19  1:32  Marine  
  21  1:33  Factory  
  21  1:39  Orbital Command  
  21  1:42  Supply Depot  
  21  1:50  Marine  
  22  2:04  SCV  
  22  2:08  Marine  
  24  2:16  Command Center  
  24  2:21  Factory Tech Lab  
  24  2:23  SCV  
  24  2:26  Marine  
  26  2:30  Supply Depot  
  26  2:37  SCV, Refinery  
  27  2:45  Cyclone  
  27  2:47  Marine  
  31  2:53  SCV  
  32  3:04  Starport  
  32  3:05  SCV  
  33  3:09  Marine  
  34  3:17  SCV  
  35  3:20  Siege Tank  
  35  3:27  Marine  
  38  3:29  SCV, Orbital Command  
  40  3:41  SCV  
  40  3:42  Starport Tech Lab  
  40  3:45  Barracks Reactor  
  40  3:46  Supply Depot  
  41  3:53  SCV  
  41  3:55  Refinery x2  
  42  3:58  SCV  
  43  4:05  SCV  
  44  4:12  Supply Depot  
  44  4:13  Raven  
  44  4:16  SCV  
  47  4:21  SCV  
  47  4:23  Marine x2  
  47  4:28  Siege Tank, SCV  
  51  4:35  SCV  
  52  4:40  Marine x2, SCV  
  55  4:46  Barracks  
  55  4:47  SCV, Barracks  
  55  4:52  SCV  
  48  5:11  SCV x2  
  48  5:13  Marine x2  
  48  5:14  Siege Tank, Raven  
  56  5:23  SCV  
  56  5:24  SCV  
  56  5:27  Command Center  
  59  5:35  SCV  
  59  5:36  SCV  
  59  5:38  Supply Depot  
  59  5:40  Engineering Bay  
  60  5:52  SCV  
  60  5:53  SCV  
Tags
 
Add a new tag
Caveats
  • Supply blocks, unpowered buildings, or Contaminate may cause inaccurate times.
  • Supply counts are checked every 10 seconds.